← All builds
Suicide front / Armada / Factory first / OBSERVED BUILD

Standard suicide front

The role's default: factory first (mostly Bot Lab), pushing Rocketeer-led bot play into the middle to contest and hold the front, with an Advanced Metal Extractor around 9:36 as the natural transition.

Usually lab first (63%)

#raid #push · 1291 distinct matches · 127 players · 71% of Armada Suicide front games · team won 59% of 1529 · Recently observed

HOW TO PLAY IT

Key timing: Bot Lab by 0:20

  1. Open with mex and wind, drop Bot Lab immediately.
  2. Push out first "Centurion" as Pond's boost lands.
  3. Send "Rocketeer", "Centurion", "Pawn" mix to contest middle.
  4. Add Dragon's Teeth and Sentries to hold the line.
  5. Get Advanced Metal Extractor up as T2 nears.

Phase by phase

TYPICAL OF ITS 1291 GAMES
  1. 1
  2. 2
  3. 3
PLAY THE OPENING

Follow the example game's first 6:00 step by step: what to build now, what comes next, and where it goes. At 1× it keeps pace with your own game.

  1. 1

    Bot Lab first

    Order
    1. Bot LabBot Lab done ~0:20, middle half 0:20–0:33

    Some games also: mex (36%)

  2. 2

    Bot Lab to 5:00

    Economy
    • Metal Extractor5Mex
    • Wind Turbine4Wind
    Builders
    • Construction Bot3 Con bot
    • Lazarus2 Lazarus
    Army
    • Sentry4 Sentry
    • Rocketeer17 Rocketeer
    • Tick2 Tick
    • Centurion1 Centurion
    Other
    • Radar Tower1 Radar Tower

    Some games also: con turret (35%) · pawn (32%)

    By 5:00 in all: 5 mex · 4 wind

    The example game in this phase · 41 steps
    1. TickTick ×2
    2. Construction BotCon bot ×2
    3. SentrySentry
    4. Mex
    5. LazarusLazarus
    6. Mex
    7. PawnPawn
    8. CenturionCenturion
    9. BeamerBeamer
    10. Mex
    11. Construction BotCon bot
    12. BeamerBeamer
    13. Mex
    14. LazarusLazarus
    15. BeamerBeamer
    16. Wind
    17. Construction BotCon bot
    18. Wind
    19. CenturionCenturion
    20. BeamerBeamer
    21. RocketeerRocketeer
    22. Wind
    23. RocketeerRocketeer
    24. Mex
    25. Wind
    26. RocketeerRocketeer
    27. Mex
    28. Wind
    29. RocketeerRocketeer
    30. Energy storage
    31. RocketeerRocketeer
    32. Radar TowerRadar Tower
    33. Con turret
    34. TickTick
    35. LazarusLazarus
    36. RocketeerRocketeer
    37. BeamerBeamer
    38. RocketeerRocketeer
    39. Mex
    40. Wind
    41. RocketeerRocketeer ×2
  3. 3

    5:00 to 10:00

    Economy
    • Metal Extractor1Mex
    • Wind Turbine17Wind
    Builders
    • Construction Turret2 Con turret
    • Lazarus2 Lazarus
    • Construction Bot1 Con bot
    Army
    • Sentry1 Sentry
    • Rocketeer8 Rocketeer
    • Pawn1 Pawn

    Some games also: tick (47%) · energy storage (46%) · Radar Tower (46%) · centurion (45%) · Beamer (39%)

    By 10:00 in all: 6 mex · 23 wind · 1 energy storage · 3 con turret

    The example game in this phase · 81 steps
    1. BeamerBeamer
    2. Wind
    3. RocketeerRocketeer
    4. PawnPawn
    5. TickTick
    6. LazarusLazarus
    7. BeamerBeamer
    8. Wind
    9. RocketeerRocketeer
    10. Wind
    11. RocketeerRocketeer ×2
    12. Sneaky PeteSneaky Pete
    13. Wind
    14. TickTick
    15. LazarusLazarus
    16. PawnPawn
    17. Wind
    18. PawnPawn ×2
    19. Wind
    20. PawnPawn
    21. GauntletGauntletdone 7:00
    22. PawnPawn
    23. Wind
    24. PawnPawn ×2
    25. Wind
    26. LazarusLazarus
    27. PawnPawn
    28. Wind
    29. PawnPawn
    30. Con turret
    31. Wind
    32. CenturionCenturion
    33. PawnPawn ×3
    34. Wind
    35. PawnPawn ×2
    36. LazarusLazarus
    37. Dragon's TeethDragon's Teeth
    38. AggravatorAggravator
    39. Dragon's TeethDragon's Teeth ×2
    40. PawnPawn
    41. Dragon's TeethDragon's Teeth
    42. ThugThug
    43. PawnPawn
    44. Dragon's TeethDragon's Teeth
    45. ThugThug
    46. PawnPawn
    47. Con turret
    48. NettleNettle
    49. PawnPawn ×2
    50. RocketeerRocketeer
    51. PawnPawn ×3
    52. Wind
    53. LazarusLazarus
    54. Wind ×2
    55. ThugThug
    56. PawnPawn
    57. Advanced Metal ExtractorT2 mexdone 8:55
    58. ThugThug
    59. Wind
    60. CenturionCenturion
    61. PawnPawn
    62. Converter
    63. Wind
    64. PawnPawn
    65. Wind
    66. Metal storage
    67. Wind ×2
    68. PawnPawn
    69. Wind
    70. PawnPawn
    71. Converter
    72. PawnPawn
    73. Wind
    74. Advanced Metal ExtractorT2 mex
    75. Wind ×2
    76. PawnPawn
    77. Con turret
    78. Wind
    79. Converter
    80. LazarusLazarus
    81. Wind ×2

Counts are medians over the build's games: half of them build more, half fewer. The example game is Soliloqueur's (40 OS, 27/09/2026); pick another.

Team trades

IN AT LEAST 30% OF ITS GAMES

You hand over

Nothing regular.

You get

  • Tidal Generator4 Tidal from Pondfirst at 0:10 · in 69% of games
  • Advanced Construction Bot1 T2 con bot from Geo or Techfirst at 7:30 · in 59% of games

How it plays out

Typical game of this build, running totals by minute

Metal produced

010k20k30k
0:005:0010:0015:00

metal

Enemy metal destroyed

05k10k
0:005:0010:0015:00

metal

Own metal lost

05k10k
0:005:0010:0015:00

metal

1529 games.

Show as table
ByMetal produced: This buildEnemy metal destroyed: This buildOwn metal lost: This build
1:0022600
2:0088800
3:002051180106
4:003161658496
5:00424314131026
6:00543322981789
7:00667031752710
8:00792040313619
9:00931747964495
10:001069954265316
11:001226559036054
12:001411365126830
13:001622270137536
14:001810976968373
15:002046683299249
WHAT THE NUMBERS SAY

Standard suicide front play wins slightly more than half its games with fast kills but also fast losses, matching the raw grind of the role.

  • + First kill lands by 2:04 in all games
  • + Metal produced reaches 19882 by 15:00
  • − Own metal lost hits 9208 by 15:00, near metal destroyed of 8172
  • − First unit lost as early as 2:08 in every game
THE EXAMPLE YOU ARE READING

Soliloqueur

39.7 OS · 27/09/2026

Open source match ↗

10 received units · includes a constructor
81 metal received · 25918 energy received

Allied construction assistance is unknown. Timings are observations, not a promise of solo reproducibility.

Typical milestones

Bot Lab0:20Middle 50%: 0:20–0:33 · n=1522
Advanced Metal Extractor9:36Middle 50%: 8:41–10:48 · n=1128

Played most by

_X_253games of this buildPlatinumBlonde181games of this buildXad120games of this buildImmort73games of this buildwatermeloans60games of this build